 Dungeon Crawl Stone Soup version 0.28.0-53-g5a82cb258f (webtiles) character file.

Game seed: 11271831862527718859

385 Descartes the Ducker (level 6, -7/38 HPs)
             Began as a Deep Elf Wanderer on July 17, 2022.
             Mangled by a black bear (9 damage)
             ... on level 3 of the Dungeon.
             The game lasted 00:13:14 (5166 turns).

Descartes the Ducker (Deep Elf Wanderer)            Turns: 5166, Time: 00:13:15

Health: -7/38      AC:  4    Str:  7    XL:     6   Next: 48%
Magic:  6/13       EV: 18    Int: 17    God:
Gold:   98         SH:  5    Dex: 18    Spells: 7/12 levels left

rFire   . . .      SeeInvis .   a - +0 dagger
rCold   . . .      Faith    .   (no shield)
rNeg    . . .      Spirit   .   d - +0 leather armour
rPois   .          Reflect  +   (no helmet)
rElec   .          Harm     .   (no cloak)
rCorr   .          Rampage  .   (no gloves)
Will    +....                   u - +0 pair of boots
Stlth   ++........              n - amulet of reflection
HPRegen 0.12/turn               e - +4 ring of evasion
MPRegen 0.13/turn               i - ring of willpower

@: no status effects
A: no striking features
a: no special abilities


You were on level 3 of the Dungeon.
You visited 1 branch of the dungeon, and saw 4 of its levels.

You collected 98 gold pieces.

Inventory:

Hand Weapons
 a - a +0 dagger (weapon)
 p - a +0 mace of protection
Missiles
 b - 4 throwing nets (quivered)
 j - 100 stones
 m - 10 atropa-tipped darts
 o - 51 bolts
 v - 17 arrows
Armour
 d - a +0 leather armour (worn)
 u - a +0 pair of boots (worn)
Jewellery
 e - a +4 ring of evasion (left hand)
 i - a ring of willpower (right hand)
 n - an amulet of reflection (around neck)
 q - a ring of poison resistance
Scrolls
 f - a scroll of magic mapping {unknown}
 g - a scroll of immolation {unknown}
 h - 6 scrolls of identify {unknown}
 l - a scroll of vulnerability {unknown}
 r - a scroll of brand weapon {unknown}
 t - 2 scrolls of teleportation {unknown}
Potions
 c - 4 potions of attraction
 k - 3 potions of ambrosia {unknown}
 s - a potion of lignification {unknown}


   Skills:
 + Level 3.8 Fighting
 + Level 5.8 Dodging
 + Level 2.8 Stealth
 + Level 3.6 Spellcasting
 + Level 2.3 Conjurations
 + Level 2.2 Transmutations
 + Level 3.0 Poison Magic


You had 7 spell levels left.
You knew the following spells:

 Your Spells              Type           Power      Damage    Failure   Level
a - Sting                 Tmut/Pois      48%        1d5       9%          1
b - Mephitic Cloud        Conj/Pois/Air  9%         N/A       34%         3
c - Beastly Appendage     Tmut           20%        N/A       10%         1

Your spell library contained the following spells:

 Spells                   Type           Power      Damage    Failure   Level
 Wereblood                Tmut           10%        N/A       16%         2
 Spider Form              Tmut/Pois      12%        N/A       26%         3


Dungeon Overview and Level Annotations

Branches:
Dungeon (4/15)
 Temple: D:4-7

Altars:
Okawaru

Shops:
D:1 *?


Message History

You climb upwards.
There is a stone staircase leading down here.
Casting: Sting (safe; 9% risk of failure)
Confirm with . or Enter, or press ? or * to list all spells.
Aiming: Sting (safe; 9% risk of failure)
Press: ? - help, Shift-Dir - straight line, f - black bear
Aim: a black bear (heavily wounded, very poisoned, 79% to hit)
You miscast Sting.
You are very lightly contaminated with residual magic.
Nothing appears to happen.
The black bear bites you. The black bear completely misses you.
The black bear barely misses you.
Casting: Sting (safe; 9% risk of failure)
Confirm with . or Enter, or press ? or * to list all spells.
Aiming: Sting (safe; 9% risk of failure)
Press: ? - help, Shift-Dir - straight line, f/p - black bear
Aim: a black bear (heavily wounded, very poisoned, 79% to hit)
The sting hits the black bear.
The black bear looks as sick as possible!
The black bear is heavily wounded.
You block the black bear's attack. The black bear claws you.
The black bear misses you.
Casting: Sting (safe; 9% risk of failure)
Confirm with . or Enter, or press ? or * to list all spells.
Aiming: Sting (safe; 9% risk of failure)
Press: ? - help, Shift-Dir - straight line, f/p - black bear
Aim: a black bear (severely wounded, extremely poisoned, 79% to hit)
The sting hits the black bear.
The black bear looks as sick as possible!
The black bear is severely wounded.
The black bear goes berserk!
The black bear bites you! The black bear closely misses you.
The black bear claws you. The black bear bites you.
You block the black bear's attack. x2
Your magical contamination has completely faded away.
The black bear bites you.
* * * LOW HITPOINT WARNING * * *
The black bear barely misses you. The black bear claws you.
* * * LOW HITPOINT WARNING * * *
The black bear bites you!
You die...

.# #.#.# ##.# #.#
.# #.#.# #.# #.#
.#
#.#.######.###.#
.###
#.#.........>..#
...#
###.########.#####
##.# #...# #.# #.#
#.### #.# #.# #.#
####.# #.# #.#
#.@h.# #.# #.#
#.#### #)# #.# #.#
#.# #.# #.# #.#
#.#######.# #.#
#.........#
##.####..########
....)....#
######...#


You could see a black bear (berserk, very poisoned).

Vanquished Creatures
  A scorpion (D:4)
  An orc priest (D:3)
  Natasha (thrice) (D:3)
  2 iguanas
  A hound skeleton (D:4)
  A gnoll (D:3)
  7 adders
  3 dart slugs
  5 orcs
  5 bats
  5 endoplasms
  A giant cockroach (D:4)
  9 goblins
  6 hobgoblins
  2 jackals (D:1)
  3 quokkas
  7 ball pythons
  7 frilled lizards
  10 kobolds
  7 rats
86 creatures vanquished.

Notes
Turn   | Place    | Note
-------+----------+-------------------------------------------
     0 | D:1      | Descartes the Deep Elf Wanderer began the quest for the
                  | Orb.
     0 | D:1      | Descartes set off with the following items: a +0 dagger, 4
                  | throwing nets, a potion of attraction, a +0 leather armour;
                  | and the following spell memorised: Sting; and the following
                  | spells available to memorise: Mephitic Cloud
     0 | D:1      | Reached XP level 1. HP: 14/14 MP: 5/5
   206 | D:1      | Reached skill level 5 in Dodging
   206 | D:1      | Reached XP level 2. HP: 19/19 MP: 2/6
   455 | D:1      | Found Nuor's Magic Scroll Boutique.
   845 | D:1      | Found Fonn's General Store.
   876 | D:1      | Found a faded altar of an unknown god.
  1002 | D:1      | Reached XP level 3. HP: 23/23 MP: 4/8
  1130 | D:1      | Reached skill level 1 in Stealth
  1715 | D:2      | Reached skill level 1 in Conjurations
  2091 | D:2      | Found an iron altar of Okawaru.
  2140 | D:2      | Learned a level 3 spell: Mephitic Cloud
  2142 | D:2      | Learned a level 1 spell: Beastly Appendage
  2442 | D:3      | Reached skill level 1 in Transmutations
  2442 | D:3      | Reached XP level 4. HP: 28/28 MP: 1/9
  3436 | D:3      | Reached XP level 5. HP: 31/32 MP: 4/11
  3897 | D:4      | Noticed Natasha
  3907 | D:3      | Killed Natasha
  3965 | D:3      | Noticed Natasha
  3978 | D:3      | Killed Natasha
  4205 | D:3      | Noticed Natasha
  4211 | D:3      | Killed Natasha
  4314 | D:4      | Reached XP level 6. HP: 24/38 MP: 3/13
  5164 | D:3      | HP: 1/38 [black bear (5)]
  5166 | D:3      | Mangled by a black bear

Illustrated notes

Levels and vault maps discovered:
D:1:      psy_arrival_dodecagon, layout_loops_ring,
          dilly_ecumenical_altar_fadedgnrine, serial_shops, shop_fountains,
          nicolae_shop_waterfront
D:2:      layout_loops_ring, basic_altar, kennysheep_small_spiral,
          minmay_tromino_i4
D:3:      layout_loops_ring
D:4:      layout_basic, minivault_23, kennysheep_generic_room_7, uniq_natasha

Skill      XL: |  1  2  3  4  5  6 |
---------------+-------------------+-----
Dodging        | 5 |  5.8
Spellcasting   | 2 3 |  3.6
Stealth        | 1 2 |  2.8
Conjurations   | 1 2 |  2.3
Poison Magic   | 2 3 |  3.0
Transmutations | 1 2 |  2.2
Fighting       | |  3.8

Action                   |  1- 3 |  4- 6 || total
-------------------------+-------+-------++-------
Melee: Dagger            |    23 |    10 ||    33
 Cast: Sting             |   104 |   119 ||   223
       Mephitic Cloud    |       |     1 ||     1
Armor: Leather armour    |     8 |     7 ||    15
Dodge: Dodged            |    51 |    82 ||   133
Block: Other             |     8 |    26 ||    34
